[ PARTIDA AOE2 · #505727385 ]
UnrankedPolacos vs Malians
Equipo del jugador · VICT
Equipo rival · DERR
[ ANÁLISIS DE REPETICIÓN · EXTRAÍDO DE LA PARTIDA GRABADA ]
Feudal
8:50
Castillos
20:42
Imperial
33:02
| APM promedio | 30.5 |
| APM pico | 78 |
| eAPM promedio | 15.8 |
| Aldeanos / militares | 57 / 32 |
Foco
⚔️ 31.8% · 🌾 68.2%
Scout Cavalry ×14 · Obuch ×11 · Mangonel ×4 · Petard ×3
Feudal
10:57
Castillos
21:15
Imperial
—
| APM promedio | 38.2 |
| APM pico | 92 |
| eAPM promedio | 19.7 |
| Aldeanos / militares | 49 / 22 |
Foco
⚔️ 37.3% · 🌾 62.7%
Militia ×15 · Battering Ram ×3 · Spearman ×2 · Monk ×1 · Mangonel ×1
Mapa de la partida
Recursos iniciales + cada clic de construcción. Líneas = muros · curvas = relieve. ◆ oro · ⬟ piedra · ● bayas · ✦ reliquia · ◌ hueco del cierre
Tu base· ✓ Cerrada en 20:42 · 0t muro · 2 puerta(s)
Base de Tiranosaurio· ✓ Cerrada en 21:15 · 21t muro · 3 puerta(s)
Terreno inicial suavizado · ◌ = hueco del cierre detectado · pasá el cursor para detalles
Inputs por minuto
— [Los Sanguinarios] Daro087 - - Tiranosaurio
Build order — [Los Sanguinarios] Daro087
Primeras 150 de 177 acciones detectadas
| 0:00 | Encolar | Villager (Male) |
| 0:00 | Encolar | Villager (Male) |
| 0:00 | Encolar | Villager (Male) |
| 0:01 | Encolar | Villager (Male) |
| 0:02 | Construir | House |
| 0:04 | Construir | House |
| 0:27 | Construir | House |
| 1:33 | Encolar | Villager (Male) |
| 1:33 | Encolar | Villager (Male) |
| 2:01 | Encolar | Villager (Male) |
| 2:19 | Encolar | Villager (Male) |
| 2:27 | Construir | Lumber Camp |
| 2:32 | Encolar | Villager (Male) |
| 2:45 | Encolar | Villager (Male) |
| 3:11 | Encolar | Villager (Male) |
| 3:12 | Encolar | Villager (Male) |
| 3:42 | Encolar | Villager (Male) |
| 4:09 | Encolar | Villager (Male) |
| 4:45 | Encolar | Villager (Male) |
| 5:05 | Encolar | Villager (Male) |
| 5:14 | Construir | Mill |
| 5:24 | Encolar | Villager (Male) |
| 5:25 | Encolar | Villager (Male) |
| 5:32 | Investigar | Loom |
| 5:55 | Construir | Mining Camp |
| 6:39 | Investigar | Feudal Age |
| 6:59 | Construir | House |
| 7:39 | Encolar | Villager (Male) |
| 7:54 | Encolar | Villager (Male) |
| 8:50 | Edad | Edad Feudal |
| 8:58 | Construir | Watch Tower |
| 9:18 | Investigar | Double-Bit Axe |
| 9:19 | Investigar | Horse Collar |
| 9:52 | Encolar | Villager (Male) |
| 9:52 | Encolar | Villager (Male) |
| 10:18 | Construir | Blacksmith |
| 10:23 | Encolar | Villager (Male) |
| 10:47 | Encolar | Villager (Male) |
| 11:08 | Construir | Watch Tower |
| 11:14 | Encolar | Villager (Male) |
| 11:22 | Construir | House |
| 11:32 | Investigar | Fletching |
| 11:49 | Encolar | Villager (Male) |
| 12:21 | Encolar | Villager (Male) |
| 12:31 | Encolar | Villager (Male) |
| 13:20 | Construir | Watch Tower |
| 13:27 | Encolar | Villager (Male) |
| 13:27 | Encolar | Villager (Male) |
| 13:30 | Construir | Farm |
| 13:30 | Construir | Farm |
| 13:30 | Construir | Farm |
| 13:31 | Construir | Farm |
| 13:31 | Construir | Farm |
| 13:32 | Construir | Farm |
| 13:39 | Encolar | Villager (Male) |
| 14:20 | Encolar | Villager (Male) |
| 14:20 | Encolar | Villager (Male) |
| 14:25 | Encolar | Villager (Male) |
| 14:58 | Encolar | Villager (Male) |
| 15:00 | Construir | Farm |
| 15:05 | Construir | Market |
| 15:07 | Construir | House |
| 16:05 | Encolar | Villager (Male) |
| 16:05 | Encolar | Villager (Male) |
| 16:08 | Construir | Mill |
| 16:44 | Construir | Mining Camp |
| 16:50 | Encolar | Villager (Male) |
| 17:01 | Construir | House |
| 17:02 | Construir | House |
| 17:13 | Construir | Watch Tower |
| 17:26 | Construir | Farm |
| 17:26 | Construir | Farm |
| 17:33 | Encolar | Villager (Male) |
| 17:39 | Construir | Mining Camp |
| 18:02 | Investigar | Castle Age |
| 18:21 | Construir | Barracks |
| 19:26 | Construir | Stable |
| 19:27 | Construir | Stable |
| 19:38 | Investigar | Forging |
| 19:38 | Investigar | Scale Barding Armor |
| 19:43 | Construir | Farm |
| 19:59 | Construir | Farm |
| 20:01 | Construir | Farm |
| 20:24 | Encolar | Villager (Male) |
| 20:28 | Investigar | Bloodlines |
| 20:30 | Encolar | Scout Cavalry |
| 20:31 | Encolar | Scout Cavalry |
| 20:42 | Edad | Edad de los Castillos |
| 20:46 | Construir | Siege Workshop |
| 20:50 | Encolar | Villager (Male) |
| 21:05 | Encolar | Scout Cavalry |
| 21:09 | Investigar | Light Cavalry (upgrade) |
| 21:11 | Encolar | Mangonel |
| 21:18 | Encolar | Villager (Male) |
| 21:26 | Encolar | Villager (Male) |
| 21:33 | Encolar | Mangonel |
| 21:35 | Encolar | Scout Cavalry |
| 22:00 | Investigar | Husbandry |
| 22:10 | Construir | Farm |
| 22:14 | Encolar | Villager (Male) |
| 22:35 | Construir | Castle |
| 22:37 | Construir | House |
| 22:39 | Construir | House |
| 22:54 | Encolar | Scout Cavalry |
| 22:54 | Encolar | Scout Cavalry |
| 23:09 | Construir | Farm |
| 23:34 | Construir | Palisade Wall |
| 23:35 | Encolar | Villager (Male) |
| 23:35 | Encolar | Villager (Male) |
| 24:07 | Encolar | Petard |
| 24:07 | Encolar | Petard |
| 24:13 | Construir | House |
| 24:28 | Encolar | Villager (Male) |
| 24:29 | Encolar | Villager (Male) |
| 24:33 | Construir | Mill |
| 24:34 | Construir | Farm |
| 24:34 | Construir | Farm |
| 24:35 | Construir | Farm |
| 24:35 | Construir | Farm |
| 24:35 | Construir | Farm |
| 24:35 | Construir | Farm |
| 24:40 | Encolar | Petard |
| 25:22 | Construir | Siege Workshop |
| 25:27 | Construir | House |
| 25:50 | Encolar | Mangonel |
| 25:50 | Encolar | Mangonel |
| 26:30 | Encolar | Scout Cavalry |
| 26:30 | Encolar | Scout Cavalry |
| 26:31 | Encolar | Scout Cavalry |
| 26:31 | Encolar | Scout Cavalry |
| 26:43 | Encolar | Villager (Male) |
| 26:43 | Encolar | Villager (Male) |
| 26:47 | Construir | Mill |
| 26:54 | Construir | Lumber Camp |
| 27:01 | Encolar | Scout Cavalry |
| 27:02 | Encolar | Scout Cavalry |
| 27:02 | Encolar | Scout Cavalry |
| 27:02 | Encolar | Scout Cavalry |
| 27:47 | Construir | Farm |
| 27:47 | Construir | Farm |
| 27:47 | Construir | Farm |
| 27:48 | Construir | Farm |
| 28:58 | Encolar | Villager (Male) |
| 28:58 | Encolar | Villager (Male) |
| 29:15 | Construir | Market |
| 29:31 | Construir | Farm |
| 29:52 | Investigar | Imperial Age |
| 29:59 | Construir | Mining Camp |
| 30:03 | Construir | Farm |
| 30:22 | Construir | Town Center |
Build order — Tiranosaurio
Primeras 150 de 158 acciones detectadas
| 0:00 | Encolar | Villager (Male) |
| 0:01 | Encolar | Villager (Male) |
| 0:01 | Encolar | Villager (Male) |
| 0:02 | Construir | House |
| 0:03 | Construir | House |
| 0:07 | Encolar | Villager (Male) |
| 1:28 | Encolar | Villager (Male) |
| 1:44 | Construir | Lumber Camp |
| 1:50 | Encolar | Villager (Male) |
| 2:26 | Encolar | Villager (Male) |
| 2:26 | Encolar | Villager (Male) |
| 2:27 | Encolar | Villager (Male) |
| 2:44 | Encolar | Villager (Male) |
| 3:38 | Encolar | Villager (Male) |
| 3:38 | Encolar | Villager (Male) |
| 3:39 | Encolar | Villager (Male) |
| 3:57 | Encolar | Villager (Male) |
| 4:13 | Construir | House |
| 5:01 | Encolar | Villager (Male) |
| 5:01 | Encolar | Villager (Male) |
| 5:08 | Construir | House |
| 5:31 | Encolar | Villager (Male) |
| 5:51 | Encolar | Villager (Male) |
| 5:56 | Construir | Mill |
| 6:23 | Encolar | Villager (Male) |
| 6:37 | Encolar | Villager (Male) |
| 7:03 | Encolar | Villager (Male) |
| 7:54 | Encolar | Villager (Male) |
| 8:22 | Investigar | Loom |
| 8:23 | Investigar | Feudal Age |
| 8:43 | Construir | House |
| 8:48 | Construir | Barracks |
| 9:14 | Construir | Mining Camp |
| 9:30 | Construir | Palisade Wall |
| 9:36 | Construir | Palisade Gate |
| 9:38 | Construir | Palisade Wall |
| 9:39 | Construir | House |
| 9:50 | Construir | Palisade Wall |
| 9:53 | Construir | Palisade Wall |
| 10:00 | Encolar | Militia |
| 10:20 | Construir | Palisade Wall |
| 10:30 | Construir | Palisade Wall |
| 10:36 | Encolar | Militia |
| 10:49 | Construir | Mining Camp |
| 10:57 | Edad | Edad Feudal |
| 11:06 | Encolar | Villager (Male) |
| 11:10 | Construir | Watch Tower |
| 11:19 | Encolar | Villager (Male) |
| 11:24 | Construir | Blacksmith |
| 11:29 | Encolar | Villager (Male) |
| 11:39 | Construir | Farm |
| 12:03 | Encolar | Villager (Male) |
| 12:22 | Investigar | Fletching |
| 12:35 | Construir | House |
| 12:37 | Construir | Palisade Wall |
| 12:42 | Encolar | Villager (Male) |
| 12:47 | Investigar | Double-Bit Axe |
| 12:51 | Construir | Farm |
| 13:16 | Construir | Watch Tower |
| 14:04 | Construir | House |
| 14:17 | Encolar | Villager (Male) |
| 14:20 | Construir | Farm |
| 14:23 | Construir | Farm |
| 14:25 | Construir | Farm |
| 15:01 | Encolar | Villager (Male) |
| 15:04 | Construir | Farm |
| 15:49 | Encolar | Villager (Male) |
| 15:52 | Construir | Farm |
| 15:53 | Construir | Farm |
| 15:55 | Construir | Farm |
| 15:56 | Construir | Farm |
| 16:22 | Encolar | Villager (Male) |
| 16:48 | Construir | Farm |
| 16:59 | Construir | House |
| 17:44 | Construir | Stable |
| 18:09 | Encolar | Villager (Male) |
| 18:32 | Investigar | Castle Age |
| 18:37 | Construir | Farm |
| 18:50 | Investigar | Scale Mail Armor |
| 18:53 | Encolar | Militia |
| 19:18 | Encolar | Militia |
| 19:30 | Encolar | Villager (Male) |
| 19:39 | Investigar | Forging |
| 19:42 | Encolar | Spearman |
| 19:42 | Encolar | Spearman |
| 19:57 | Construir | House |
| 20:07 | Investigar | Man-at-Arms (upgrade) |
| 20:23 | Encolar | Militia |
| 20:28 | Construir | Barracks |
| 20:57 | Encolar | Militia |
| 20:57 | Encolar | Militia |
| 21:15 | Edad | Edad de los Castillos |
| 21:21 | Construir | Siege Workshop |
| 21:24 | Investigar | Long Swordsman (upgrade) |
| 21:32 | Encolar | Villager (Male) |
| 21:35 | Construir | Farm |
| 21:37 | Construir | Farm |
| 21:46 | Encolar | Militia |
| 21:46 | Encolar | Militia |
| 22:02 | Encolar | Battering Ram |
| 22:06 | Construir | House |
| 22:16 | Encolar | Villager (Male) |
| 23:36 | Encolar | Battering Ram |
| 23:36 | Encolar | Battering Ram |
| 23:37 | Encolar | Villager (Male) |
| 24:28 | Construir | Siege Workshop |
| 24:29 | Encolar | Villager (Male) |
| 24:46 | Encolar | Villager (Male) |
| 24:52 | Construir | House |
| 25:00 | Encolar | Villager (Male) |
| 25:07 | Encolar | Mangonel |
| 25:15 | Investigar | Chain Mail Armor |
| 25:17 | Encolar | Militia |
| 25:19 | Encolar | Militia |
| 25:19 | Encolar | Militia |
| 25:20 | Encolar | Militia |
| 25:54 | Construir | House |
| 26:42 | Encolar | Villager (Male) |
| 26:48 | Construir | Castle |
| 26:52 | Construir | Farm |
| 26:56 | Encolar | Villager (Male) |
| 27:02 | Encolar | Militia |
| 27:02 | Encolar | Militia |
| 27:11 | Construir | Palisade Wall |
| 27:13 | Construir | House |
| 27:16 | Construir | Palisade Wall |
| 28:02 | Construir | Palisade Gate |
| 28:03 | Construir | Palisade Wall |
| 28:07 | Construir | Palisade Gate |
| 28:14 | Construir | Palisade Wall |
| 28:22 | Construir | House |
| 28:23 | Construir | Palisade Wall |
| 28:30 | Encolar | Villager (Male) |
| 28:39 | Construir | Market |
| 28:46 | Encolar | Villager (Male) |
| 28:53 | Encolar | Villager (Male) |
| 28:54 | Encolar | Villager (Male) |
| 29:23 | Construir | Farm |
| 29:23 | Construir | Farm |
| 29:23 | Construir | Farm |
| 29:25 | Construir | Farm |
| 29:25 | Construir | Farm |
| 29:25 | Construir | Farm |
| 29:26 | Construir | Farm |
| 29:26 | Construir | Farm |
| 29:26 | Construir | Farm |
| 29:27 | Construir | Farm |
| 29:27 | Construir | Farm |
| 29:29 | Encolar | Villager (Male) |
| 29:48 | Encolar | Villager (Male) |
Cronología de la partida
| 8:48 | Tiranosaurio · first_building Barracks |
| 8:50 | [Los Sanguinarios] Daro087 · age_up feudal |
| 9:30 | Tiranosaurio · wall_segment Palisade Wall x8 |
| 9:38 | Tiranosaurio · wall_segment Palisade Wall x1 |
| 9:50 | Tiranosaurio · wall_segment Palisade Wall x1 |
| 9:53 | Tiranosaurio · wall_segment Palisade Wall x2 |
| 10:20 | Tiranosaurio · wall_segment Palisade Wall x6 |
| 10:30 | Tiranosaurio · wall_segment Palisade Wall x1 |
| 10:57 | Tiranosaurio · age_up feudal |
| 12:37 | Tiranosaurio · wall_segment Palisade Wall x3 |
| 17:44 | Tiranosaurio · first_building Stable |
| 18:21 | [Los Sanguinarios] Daro087 · first_building Barracks |
| 19:26 | [Los Sanguinarios] Daro087 · first_building Stable |
| 20:42 | [Los Sanguinarios] Daro087 · age_up castle |
| 20:46 | [Los Sanguinarios] Daro087 · first_building Siege Workshop |
| 21:15 | Tiranosaurio · age_up castle |
| 21:21 | Tiranosaurio · first_building Siege Workshop |
| 22:29 | [Los Sanguinarios] Daro087 · first_market_buy 100 stone |
| 22:35 | [Los Sanguinarios] Daro087 · first_building Castle |
| 23:34 | [Los Sanguinarios] Daro087 · wall_segment Palisade Wall x9 |
| 26:48 | Tiranosaurio · first_building Castle |
| 27:11 | Tiranosaurio · wall_segment Palisade Wall x1 |
| 27:16 | Tiranosaurio · wall_segment Palisade Wall x2 |
| 28:03 | Tiranosaurio · wall_segment Palisade Wall x1 |
| 28:14 | Tiranosaurio · wall_segment Palisade Wall x4 |
| 28:23 | Tiranosaurio · wall_segment Palisade Wall x1 |
| 29:12 | Tiranosaurio · first_market_buy 100 stone |
| 29:49 | [Los Sanguinarios] Daro087 · first_market_sell 100 food |
| 30:50 | Tiranosaurio · first_building Monastery |
| 33:02 | [Los Sanguinarios] Daro087 · age_up imperial |
| 33:25 | Tiranosaurio · resign |
[ ANÁLISIS IA · 1 CRÉDITO ]
¿Qué pasó realmente en esta partida?
Wolo.gg analiza cada decisión: build order, eco, micro, errores típicos por bracket. Análisis personalizado por WhatsApp o Discord en 30 segundos.
Guía civ
Polacos
Perfil
Jugador #4719124